AoeStats
← adrazduarte

Arabia

506988563Analyzed
1v1 RM · 15d ago on Sep 16, 2026· 48m 47s· 2 players
Game mode
Random Map
Map size
Tiny (2 player)
Population
200
Speed
Normal
Resources
Standard
Victory
Conquest
Starting age
Dark Age
Ending age
Imperial Age
RankedLock teamsTeams togetherTeam positionsShared explorationLock speedFull tech treeHidden civsTurbo modeCheats
Victory
Defeat
🇦🇷 Turks · Argentina
1283
+13
🇲🇽 Malay · Mexico
1209
-13
Tupac Juancho
6:42 Loom
8:51 Feudal Age
9:35 Double-Bit Axe
10:12 Horse Collar
21:02 Castle Age
19:58 Bloodlines
19:49 Gold Mining
21:01 Scale Barding Armor
23:35 Bow Saw
26:36 Forging
28:31 Chain Barding Armor
29:45 Heavy Plow
30:23 Iron Casting
29:55 Husbandry
32:25 Heavy Plow
37:53 Imperial Age
35:22 Town Watch
36:31 Wheelbarrow
37:23 Fletching
38:30 Padded Archer Armor
40:11 Plate Barding Armor
40:20 Conscription
40:53 Bodkin Arrow
42:51 Hand Cart
44:46 Blast Furnace
45:52 Two-Man Saw
45:28 Gold Shaft Mining
46:02 Bracer
47:25 Artillery
48:40 Leather Archer Armor
adrazduarte
7:59 Loom
9:55 Feudal Age
10:14 Double-Bit Axe
17:59 Fletching
23:46 Castle Age
22:24 Forging
22:39 Gold Mining
22:57 Crossbowman
24:05 Bodkin Arrow
25:35 Padded Archer Armor
27:46 Horse Collar
29:30 Pikeman
34:40 Leather Archer Armor
37:21 Imperial Age
37:04 Bracer
41:02 Wheelbarrow
42:11 Gold Shaft Mining
42:52 Conscription
42:43 Squires
44:00 Ring Archer Armor
47:11 Thumb Ring
48:12 Chemistry
Connection lost

Rejoining the realm…

Still unreachable

The connection could not be restored.

Session expired

The server has moved on; the page needs a fresh start.